[ PARTIDA AOE2 · #463353237 ]
UnrankedCeltas vs Franks
[ ANÁLISIS DE REPETICIÓN · EXTRAÍDO DE LA PARTIDA GRABADA ]
Feudal
10:13
Castillos
21:58
Imperial
—
| APM promedio | 39.4 |
| APM pico | 96 |
| eAPM promedio | 16.5 |
| Aldeanos / militares | 93 / 25 |
Foco
⚔️ 23.1% · 🌾 76.9%
Scorpion ×11 · Mangonel ×8 · Militia ×6
Feudal
9:55
Castillos
22:08
Imperial
—
| APM promedio | 49.6 |
| APM pico | 85 |
| eAPM promedio | 18.5 |
| Aldeanos / militares | 66 / 71 |
Foco
⚔️ 29.8% · 🌾 70.2%
Spearman ×38 · Militia ×18 · Karambit Warrior ×8 · Battering Ram ×4 · Mangonel ×3
Feudal
10:38
Castillos
22:17
Imperial
—
| APM promedio | 29.4 |
| APM pico | 51 |
| eAPM promedio | 16.1 |
| Aldeanos / militares | 101 / 93 |
Foco
⚔️ 33.3% · 🌾 66.7%
Skirmisher ×45 · Knight ×29 · Scout Cavalry ×7 · Throwing Axeman ×7 · Archer ×3 · Monk ×1
Feudal
10:13
Castillos
26:08
Imperial
38:13
| APM promedio | 37.5 |
| APM pico | 99 |
| eAPM promedio | 23.7 |
| Aldeanos / militares | 170 / 149 |
Foco
⚔️ 46.8% · 🌾 53.2%
Archer ×119 · Mangonel ×8 · Trebuchet (Packed) ×8 · Spearman ×7 · Militia ×4 · Battering Ram ×3
Feudal
9:30
Castillos
30:24
Imperial
41:17
| APM promedio | 36.5 |
| APM pico | 104 |
| eAPM promedio | 20.0 |
| Aldeanos / militares | 81 / 36 |
Foco
⚔️ 27.3% · 🌾 72.7%
Archer ×21 · Scout Cavalry ×5 · Mangonel ×4 · Hussite Wagon ×3 · Trebuchet (Packed) ×2 · Monk ×1
Feudal
—
Castillos
—
Imperial
—
| APM promedio | 27.8 |
| APM pico | 73 |
| eAPM promedio | 16.5 |
| Aldeanos / militares | 56 / 0 |
Foco
⚔️ 28.6% · 🌾 71.4%
Mapa de la partida
Recursos iniciales + cada clic de construcción. Líneas = muros · curvas = relieve. ◆ oro · ⬟ piedra · ● bayas · ✦ reliquia · ◌ hueco del cierre
Tu base· Abierta — flanco sin cerrar
Base de AlohaInMyHeartForAOE2· Abierta — flanco sin cerrar
Base de Gilgamesh· ✓ Cerrada en 22:17 · 51t muro · sin puerta
Base de Loro· Abierta — flanco sin cerrar
Base de Reign Pan· Abierta — flanco sin cerrar
Base de Hexi· Abierta — flanco sin cerrar
Terreno inicial suavizado · ◌ = hueco del cierre detectado · pasá el cursor para detalles
Inputs por minuto
— BlossomForce - - AlohaInMyHeartForAOE2
Build order — BlossomForce
Primeras 150 de 216 acciones detectadas
| 0:06 | Crear | Villager (Male) |
| 0:06 | Crear | Villager (Male) |
| 0:06 | Crear | Villager (Male) |
| 0:09 | Construir | House |
| 0:10 | Construir | House |
| 0:56 | Crear | Villager (Male) |
| 1:48 | Crear | Villager (Male) |
| 1:53 | Construir | Lumber Camp |
| 2:10 | Crear | Villager (Male) |
| 2:22 | Crear | Villager (Male) |
| 3:01 | Crear | Villager (Male) |
| 3:18 | Crear | Villager (Male) |
| 3:37 | Construir | House |
| 3:47 | Crear | Villager (Male) |
| 4:34 | Crear | Villager (Male) |
| 4:48 | Crear | Villager (Male) |
| 5:05 | Construir | Mill |
| 5:13 | Investigar | Loom |
| 5:16 | Crear | Villager (Male) |
| 5:41 | Crear | Villager (Male) |
| 5:54 | Crear | Villager (Male) |
| 6:22 | Crear | Villager (Male) |
| 6:38 | Construir | House |
| 7:30 | Crear | Villager (Male) |
| 7:42 | Construir | Lumber Camp |
| 8:03 | Investigar | Feudal Age |
| 9:07 | Crear | Villager (Male) |
| 9:15 | Crear | Villager (Male) |
| 9:39 | Crear | Villager (Male) |
| 10:13 | Edad | Edad Feudal |
| 10:47 | Construir | Market |
| 10:53 | Construir | Blacksmith |
| 10:58 | Construir | Mining Camp |
| 11:06 | Construir | House |
| 11:08 | Construir | House |
| 11:11 | Construir | Palisade Wall |
| 11:18 | Construir | House |
| 11:20 | Construir | Palisade Wall |
| 11:25 | Crear | Villager (Male) |
| 11:31 | Crear | Villager (Male) |
| 11:46 | Crear | Villager (Male) |
| 11:49 | Construir | Palisade Wall |
| 11:54 | Construir | Palisade Wall |
| 11:55 | Construir | Palisade Wall |
| 11:57 | Construir | Palisade Wall |
| 11:57 | Construir | Palisade Wall |
| 12:15 | Construir | Palisade Wall |
| 12:21 | Construir | Palisade Wall |
| 12:28 | Crear | Villager (Male) |
| 12:51 | Construir | Farm |
| 12:55 | Construir | Farm |
| 12:58 | Construir | Farm |
| 13:02 | Construir | Farm |
| 13:05 | Construir | Farm |
| 13:07 | Construir | Farm |
| 13:09 | Construir | Farm |
| 13:10 | Crear | Villager (Male) |
| 13:13 | Construir | Farm |
| 13:46 | Investigar | Fletching |
| 13:57 | Construir | Watch Tower |
| 15:10 | Crear | Villager (Male) |
| 15:18 | Construir | Watch Tower |
| 15:35 | Crear | Villager (Male) |
| 15:39 | Construir | Mining Camp |
| 16:02 | Construir | House |
| 16:06 | Construir | House |
| 16:08 | Construir | Palisade Wall |
| 16:12 | Crear | Villager (Male) |
| 17:12 | Construir | Farm |
| 17:17 | Construir | Farm |
| 17:22 | Construir | Farm |
| 17:26 | Construir | Farm |
| 17:28 | Construir | Farm |
| 17:35 | Crear | Villager (Male) |
| 18:16 | Crear | Villager (Male) |
| 18:37 | Crear | Villager (Male) |
| 19:18 | Investigar | Castle Age |
| 20:08 | Construir | Mining Camp |
| 20:16 | Investigar | Scale Mail Armor |
| 20:19 | Investigar | Forging |
| 20:43 | Investigar | Double-Bit Axe |
| 20:57 | Investigar | Horse Collar |
| 21:43 | Construir | Barracks |
| 21:47 | Crear | Villager (Male) |
| 21:58 | Edad | Edad de los Castillos |
| 22:10 | Construir | Siege Workshop |
| 22:27 | Construir | Siege Workshop |
| 22:54 | Investigar | Bodkin Arrow |
| 22:55 | Investigar | Chain Mail Armor |
| 23:06 | Crear | Scorpion |
| 23:07 | Crear | Scorpion |
| 23:25 | Crear | Mangonel |
| 23:25 | Crear | Mangonel |
| 24:21 | Crear | Villager (Male) |
| 24:21 | Crear | Villager (Male) |
| 24:26 | Construir | Farm |
| 24:33 | Crear | Villager (Male) |
| 25:21 | Construir | Barracks |
| 25:45 | Crear | Villager (Male) |
| 25:53 | Crear | Villager (Male) |
| 26:18 | Crear | Villager (Male) |
| 26:18 | Crear | Villager (Male) |
| 27:17 | Crear | Mangonel |
| 27:23 | Crear | Villager (Male) |
| 27:29 | Construir | Farm |
| 27:31 | Construir | Farm |
| 27:34 | Construir | Farm |
| 27:39 | Crear | Villager (Male) |
| 27:51 | Crear | Villager (Male) |
| 28:21 | Crear | Villager (Male) |
| 28:54 | Crear | Villager (Male) |
| 29:05 | Construir | Town Center |
| 29:12 | Construir | Farm |
| 29:17 | Crear | Villager (Male) |
| 29:27 | Investigar | Gambesons |
| 29:34 | Crear | Villager (Male) |
| 29:50 | Crear | Mangonel |
| 30:07 | Crear | Villager (Male) |
| 30:30 | Crear | Villager (Male) |
| 30:41 | Investigar | Town Watch |
| 30:44 | Crear | Villager (Male) |
| 30:51 | Construir | Farm |
| 30:52 | Construir | Farm |
| 30:53 | Construir | Farm |
| 30:53 | Construir | Farm |
| 31:30 | Construir | Stone Wall |
| 31:34 | Construir | Gate |
| 31:37 | Crear | Villager (Male) |
| 31:38 | Crear | Villager (Male) |
| 32:06 | Crear | Villager (Male) |
| 32:06 | Crear | Villager (Male) |
| 32:06 | Crear | Villager (Male) |
| 32:11 | Construir | House |
| 32:19 | Construir | House |
| 32:21 | Construir | House |
| 32:25 | Construir | House |
| 32:30 | Crear | Villager (Male) |
| 32:30 | Crear | Villager (Male) |
| 32:40 | Construir | Lumber Camp |
| 32:48 | Crear | Villager (Male) |
| 32:48 | Crear | Villager (Male) |
| 33:05 | Crear | Villager (Male) |
| 33:54 | Crear | Villager (Male) |
| 33:54 | Crear | Villager (Male) |
| 33:54 | Crear | Villager (Male) |
| 33:58 | Construir | Town Center |
| 34:09 | Crear | Villager (Male) |
| 34:10 | Crear | Villager (Male) |
| 34:20 | Construir | University |
| 34:40 | Crear | Villager (Male) |
Build order — AlohaInMyHeartForAOE2
Primeras 150 de 234 acciones detectadas
| 0:02 | Crear | Villager (Male) |
| 0:03 | Construir | House |
| 0:04 | Construir | House |
| 0:15 | Crear | Villager (Male) |
| 0:15 | Crear | Villager (Male) |
| 0:16 | Crear | Villager (Male) |
| 1:24 | Crear | Villager (Male) |
| 1:57 | Crear | Villager (Male) |
| 2:23 | Crear | Villager (Male) |
| 2:37 | Construir | Lumber Camp |
| 2:55 | Crear | Villager (Male) |
| 2:56 | Crear | Villager (Male) |
| 3:12 | Crear | Villager (Male) |
| 3:23 | Construir | House |
| 3:33 | Crear | Villager (Male) |
| 4:04 | Crear | Villager (Male) |
| 4:31 | Crear | Villager (Male) |
| 5:03 | Crear | Villager (Male) |
| 5:04 | Crear | Villager (Male) |
| 5:06 | Construir | Mill |
| 5:57 | Crear | Villager (Male) |
| 6:10 | Crear | Villager (Male) |
| 6:12 | Construir | House |
| 6:16 | Crear | Villager (Male) |
| 6:17 | Crear | Villager (Male) |
| 6:17 | Crear | Villager (Male) |
| 6:55 | Investigar | Loom |
| 6:56 | Crear | Villager (Male) |
| 7:19 | Construir | Barracks |
| 7:54 | Construir | Palisade Wall |
| 8:17 | Construir | Mining Camp |
| 8:32 | Construir | Palisade Wall |
| 8:34 | Construir | Palisade Wall |
| 8:37 | Investigar | Feudal Age |
| 8:39 | Construir | Palisade Wall |
| 8:50 | Construir | Palisade Wall |
| 8:57 | Construir | Palisade Wall |
| 9:02 | Crear | Militia |
| 9:09 | Construir | Palisade Wall |
| 9:22 | Construir | Palisade Wall |
| 9:48 | Crear | Militia |
| 9:55 | Edad | Edad Feudal |
| 10:40 | Construir | Farm |
| 10:41 | Construir | Farm |
| 10:43 | Construir | Farm |
| 10:53 | Crear | Militia |
| 11:39 | Investigar | Man-at-Arms (upgrade) |
| 12:35 | Construir | Lumber Camp |
| 13:59 | Construir | Mill |
| 14:21 | Construir | Farm |
| 14:28 | Construir | Town Center |
| 14:42 | Crear | Militia |
| 15:14 | Construir | House |
| 15:50 | Crear | Villager (Male) |
| 15:50 | Crear | Villager (Male) |
| 15:50 | Crear | Villager (Male) |
| 15:59 | Construir | Farm |
| 16:05 | Construir | Farm |
| 16:06 | Construir | Farm |
| 16:08 | Construir | Farm |
| 16:37 | Construir | Farm |
| 16:42 | Construir | House |
| 16:46 | Construir | Farm |
| 16:50 | Construir | Farm |
| 16:54 | Construir | Farm |
| 16:55 | Crear | Villager (Male) |
| 17:01 | Construir | Farm |
| 17:17 | Crear | Villager (Male) |
| 17:47 | Crear | Villager (Male) |
| 17:52 | Construir | Farm |
| 18:00 | Crear | Villager (Male) |
| 18:25 | Crear | Militia |
| 18:28 | Crear | Villager (Male) |
| 18:35 | Construir | House |
| 18:39 | Construir | Farm |
| 18:43 | Construir | Farm |
| 18:51 | Construir | Market |
| 18:54 | Crear | Villager (Male) |
| 19:05 | Crear | Villager (Male) |
| 19:20 | Construir | Blacksmith |
| 19:49 | Crear | Villager (Male) |
| 20:32 | Investigar | Castle Age |
| 20:32 | Investigar | Castle Age |
| 20:42 | Crear | Militia |
| 20:49 | Construir | House |
| 21:00 | Crear | Militia |
| 21:03 | Construir | House |
| 21:05 | Crear | Militia |
| 21:40 | Crear | Militia |
| 21:58 | Crear | Militia |
| 22:04 | Crear | Villager (Male) |
| 22:08 | Edad | Edad de los Castillos |
| 22:14 | Investigar | Long Swordsman (upgrade) |
| 22:33 | Crear | Villager (Male) |
| 22:51 | Crear | Militia |
| 22:54 | Crear | Spearman |
| 22:55 | Crear | Spearman |
| 22:57 | Construir | Siege Workshop |
| 23:23 | Crear | Spearman |
| 23:31 | Crear | Villager (Male) |
| 23:34 | Construir | Barracks |
| 23:52 | Crear | Spearman |
| 24:07 | Crear | Villager (Male) |
| 24:17 | Crear | Villager (Male) |
| 24:30 | Investigar | Pikeman (upgrade) |
| 24:33 | Crear | Spearman |
| 24:41 | Crear | Villager (Male) |
| 24:57 | Crear | Spearman |
| 24:57 | Crear | Spearman |
| 25:02 | Crear | Villager (Male) |
| 25:04 | Construir | House |
| 25:09 | Construir | House |
| 25:26 | Crear | Spearman |
| 25:26 | Crear | Spearman |
| 25:45 | Crear | Spearman |
| 25:45 | Crear | Spearman |
| 25:55 | Construir | House |
| 25:57 | Crear | Spearman |
| 25:57 | Crear | Spearman |
| 25:59 | Crear | Villager (Male) |
| 25:59 | Crear | Villager (Male) |
| 26:11 | Crear | Villager (Male) |
| 26:18 | Construir | Lumber Camp |
| 26:32 | Crear | Spearman |
| 26:38 | Crear | Spearman |
| 26:56 | Investigar | Double-Bit Axe |
| 27:19 | Construir | Siege Workshop |
| 27:22 | Crear | Spearman |
| 27:22 | Crear | Spearman |
| 27:29 | Crear | Villager (Male) |
| 27:41 | Crear | Spearman |
| 27:42 | Crear | Spearman |
| 27:47 | Crear | Villager (Male) |
| 28:18 | Construir | Mining Camp |
| 28:30 | Crear | Battering Ram |
| 28:30 | Crear | Battering Ram |
| 28:40 | Construir | House |
| 28:43 | Construir | Palisade Wall |
| 28:55 | Construir | House |
| 29:02 | Crear | Spearman |
| 29:09 | Crear | Spearman |
| 29:11 | Construir | Barracks |
| 29:26 | Crear | Spearman |
| 29:26 | Crear | Spearman |
| 29:32 | Construir | House |
| 29:49 | Crear | Spearman |
| 29:50 | Crear | Spearman |
| 30:03 | Crear | Spearman |
| 30:06 | Construir | House |
| 30:14 | Crear | Militia |
Build order — Gilgamesh
Primeras 150 de 310 acciones detectadas
| 0:01 | Crear | Villager (Male) |
| 0:01 | Crear | Villager (Male) |
| 0:01 | Crear | Villager (Male) |
| 0:03 | Construir | House |
| 0:05 | Construir | House |
| 0:18 | Crear | Villager (Male) |
| 1:33 | Crear | Villager (Male) |
| 1:58 | Construir | Lumber Camp |
| 2:07 | Crear | Villager (Male) |
| 2:16 | Crear | Villager (Male) |
| 2:16 | Crear | Villager (Male) |
| 2:54 | Crear | Villager (Male) |
| 3:25 | Crear | Villager (Male) |
| 3:27 | Construir | House |
| 3:59 | Crear | Villager (Male) |
| 4:33 | Crear | Villager (Male) |
| 4:33 | Crear | Villager (Male) |
| 5:26 | Crear | Villager (Male) |
| 5:27 | Crear | Villager (Male) |
| 5:27 | Crear | Villager (Male) |
| 5:27 | Crear | Villager (Male) |
| 5:38 | Construir | Mill |
| 6:31 | Construir | House |
| 7:09 | Crear | Villager (Male) |
| 8:03 | Crear | Villager (Male) |
| 8:03 | Crear | Villager (Male) |
| 8:07 | Investigar | Feudal Age |
| 8:25 | Construir | Lumber Camp |
| 8:48 | Construir | Palisade Wall |
| 8:57 | Construir | Barracks |
| 9:49 | Crear | Villager (Male) |
| 9:49 | Crear | Villager (Male) |
| 9:58 | Construir | House |
| 10:12 | Construir | Palisade Wall |
| 10:21 | Construir | Palisade Wall |
| 10:36 | Construir | Mining Camp |
| 10:38 | Edad | Edad Feudal |
| 10:56 | Construir | Stable |
| 11:12 | Investigar | Double-Bit Axe |
| 11:23 | Crear | Villager (Male) |
| 11:24 | Crear | Villager (Male) |
| 11:45 | Crear | Scout Cavalry |
| 11:46 | Crear | Scout Cavalry |
| 12:24 | Construir | Mining Camp |
| 12:31 | Crear | Villager (Male) |
| 12:31 | Crear | Villager (Male) |
| 13:16 | Crear | Villager (Male) |
| 13:17 | Crear | Villager (Male) |
| 13:17 | Crear | Villager (Male) |
| 13:26 | Construir | House |
| 13:30 | Construir | House |
| 13:31 | Construir | House |
| 13:33 | Construir | Palisade Wall |
| 13:42 | Crear | Scout Cavalry |
| 13:42 | Crear | Scout Cavalry |
| 13:53 | Construir | Stable |
| 14:08 | Crear | Scout Cavalry |
| 14:11 | Construir | Farm |
| 14:11 | Construir | Farm |
| 14:11 | Construir | Farm |
| 14:12 | Construir | Farm |
| 14:13 | Construir | Farm |
| 14:13 | Construir | Farm |
| 14:36 | Crear | Scout Cavalry |
| 14:39 | Construir | Farm |
| 14:41 | Construir | Farm |
| 14:42 | Construir | Farm |
| 15:16 | Construir | Farm |
| 15:17 | Construir | Farm |
| 15:19 | Construir | Farm |
| 15:33 | Construir | Farm |
| 16:13 | Crear | Villager (Male) |
| 16:13 | Crear | Villager (Male) |
| 16:15 | Crear | Villager (Male) |
| 16:19 | Crear | Scout Cavalry |
| 16:34 | Crear | Villager (Male) |
| 16:34 | Crear | Villager (Male) |
| 16:37 | Construir | Farm |
| 16:39 | Construir | Farm |
| 16:44 | Construir | Palisade Wall |
| 16:49 | Construir | Palisade Wall |
| 17:09 | Construir | Farm |
| 17:15 | Construir | Farm |
| 17:25 | Investigar | Loom |
| 17:27 | Investigar | Wheelbarrow |
| 18:52 | Construir | Blacksmith |
| 19:12 | Crear | Villager (Male) |
| 19:22 | Construir | Mining Camp |
| 19:30 | Investigar | Castle Age |
| 19:37 | Construir | Archery Range |
| 19:49 | Investigar | Scale Barding Armor |
| 20:19 | Crear | Archer |
| 20:19 | Crear | Archer |
| 20:35 | Investigar | Forging |
| 21:17 | Construir | Farm |
| 21:35 | Crear | Archer |
| 21:50 | Construir | Market |
| 21:53 | Investigar | Gold Mining |
| 22:01 | Construir | House |
| 22:17 | Edad | Edad de los Castillos |
| 22:20 | Crear | Knight |
| 22:20 | Crear | Knight |
| 22:20 | Crear | Knight |
| 22:20 | Crear | Knight |
| 22:35 | Construir | Town Center |
| 22:51 | Crear | Villager (Male) |
| 22:52 | Crear | Villager (Male) |
| 22:52 | Crear | Villager (Male) |
| 22:52 | Crear | Villager (Male) |
| 23:21 | Crear | Knight |
| 23:22 | Crear | Knight |
| 23:40 | Crear | Knight |
| 23:40 | Crear | Knight |
| 23:41 | Crear | Villager (Male) |
| 23:41 | Crear | Villager (Male) |
| 24:15 | Investigar | Chain Barding Armor |
| 24:41 | Construir | Town Center |
| 24:52 | Crear | Villager (Male) |
| 24:52 | Crear | Villager (Male) |
| 24:53 | Crear | Villager (Male) |
| 25:05 | Crear | Knight |
| 25:07 | Crear | Villager (Male) |
| 25:07 | Crear | Villager (Male) |
| 25:46 | Crear | Skirmisher |
| 25:47 | Crear | Skirmisher |
| 25:47 | Crear | Skirmisher |
| 25:47 | Crear | Skirmisher |
| 25:57 | Construir | Monastery |
| 25:58 | Crear | Villager (Male) |
| 25:59 | Crear | Villager (Male) |
| 26:01 | Crear | Villager (Male) |
| 26:27 | Construir | Archery Range |
| 26:34 | Construir | House |
| 26:36 | Construir | House |
| 26:37 | Construir | House |
| 26:46 | Crear | Monk |
| 26:47 | Crear | Villager (Male) |
| 26:48 | Crear | Villager (Male) |
| 26:54 | Crear | Villager (Male) |
| 26:55 | Crear | Villager (Male) |
| 26:55 | Crear | Villager (Male) |
| 26:57 | Crear | Villager (Male) |
| 26:58 | Crear | Villager (Male) |
| 27:19 | Crear | Skirmisher |
| 27:22 | Construir | Archery Range |
| 27:36 | Crear | Villager (Male) |
| 27:36 | Crear | Villager (Male) |
| 27:37 | Crear | Villager (Male) |
| 27:38 | Crear | Villager (Male) |
| 27:54 | Crear | Villager (Male) |
Build order — Loro
Primeras 150 de 457 acciones detectadas
| 0:00 | Crear | Villager (Male) |
| 0:01 | Crear | Villager (Male) |
| 0:01 | Crear | Villager (Male) |
| 0:02 | Construir | House |
| 0:04 | Construir | House |
| 0:05 | Crear | Villager (Male) |
| 0:06 | Crear | Villager (Male) |
| 1:24 | Crear | Villager (Male) |
| 1:50 | Construir | Lumber Camp |
| 1:59 | Crear | Villager (Male) |
| 1:59 | Crear | Villager (Male) |
| 2:16 | Crear | Villager (Male) |
| 2:47 | Crear | Villager (Male) |
| 3:10 | Crear | Villager (Male) |
| 3:10 | Crear | Villager (Male) |
| 3:35 | Construir | House |
| 3:36 | Construir | House |
| 3:48 | Crear | Villager (Male) |
| 4:05 | Crear | Villager (Male) |
| 4:24 | Construir | House |
| 4:36 | Crear | Villager (Male) |
| 4:59 | Crear | Villager (Male) |
| 5:11 | Construir | Mill |
| 5:33 | Crear | Villager (Male) ×3 |
| 5:33 | Crear | Villager (Male) ×3 |
| 6:44 | Crear | Villager (Male) ×4 |
| 6:51 | Construir | Barracks |
| 7:03 | Construir | Barracks |
| 7:04 | Construir | House |
| 7:05 | Construir | Palisade Wall |
| 7:06 | Construir | Palisade Wall |
| 7:33 | Investigar | Loom |
| 7:57 | Investigar | Feudal Age |
| 8:17 | Crear | Militia |
| 8:22 | Construir | Mining Camp |
| 8:36 | Crear | Militia |
| 9:10 | Crear | Militia |
| 9:10 | Crear | Militia |
| 9:45 | Crear | Villager (Male) |
| 9:52 | Crear | Villager (Male) |
| 10:13 | Edad | Edad Feudal |
| 10:14 | Construir | Archery Range |
| 10:18 | Construir | Archery Range |
| 10:37 | Investigar | Man-at-Arms (upgrade) |
| 11:06 | Crear | Villager (Male) |
| 11:06 | Crear | Villager (Male) |
| 11:42 | Crear | Archer |
| 11:43 | Crear | Villager (Male) |
| 11:53 | Construir | Farm |
| 11:53 | Construir | Farm |
| 11:53 | Construir | Farm |
| 11:53 | Construir | Farm |
| 11:54 | Construir | Farm |
| 11:54 | Construir | Farm |
| 11:54 | Construir | Farm |
| 11:54 | Construir | Farm |
| 12:01 | Crear | Archer |
| 12:01 | Crear | Archer |
| 12:16 | Construir | Farm |
| 12:22 | Crear | Archer ×2 |
| 12:43 | Crear | Villager (Male) |
| 12:58 | Crear | Archer |
| 13:01 | Construir | Farm |
| 13:01 | Construir | Farm |
| 13:01 | Construir | Farm |
| 13:01 | Construir | Farm |
| 13:02 | Construir | Farm |
| 13:13 | Crear | Villager (Male) |
| 13:13 | Crear | Villager (Male) |
| 13:14 | Crear | Archer |
| 13:18 | Construir | House |
| 13:21 | Construir | House |
| 13:47 | Crear | Villager (Male) |
| 13:50 | Construir | Farm |
| 13:52 | Crear | Archer |
| 14:03 | Crear | Villager (Male) |
| 14:13 | Crear | Archer |
| 14:21 | Crear | Villager (Male) |
| 14:29 | Construir | House |
| 14:33 | Crear | Archer ×2 |
| 14:50 | Construir | Farm |
| 14:52 | Crear | Archer |
| 14:53 | Crear | Villager (Male) |
| 15:05 | Crear | Villager (Male) |
| 15:16 | Crear | Villager (Male) |
| 15:27 | Crear | Archer |
| 15:27 | Crear | Archer |
| 15:40 | Crear | Villager (Male) |
| 15:43 | Crear | Villager (Male) |
| 16:06 | Construir | Blacksmith |
| 16:07 | Construir | House |
| 16:08 | Construir | House |
| 16:28 | Crear | Archer ×4 |
| 16:29 | Crear | Villager (Male) |
| 16:29 | Crear | Villager (Male) |
| 16:52 | Construir | Lumber Camp |
| 16:53 | Crear | Villager (Male) |
| 17:05 | Crear | Villager (Male) |
| 17:07 | Crear | Villager (Male) |
| 17:15 | Construir | House |
| 17:16 | Investigar | Town Watch |
| 17:22 | Construir | House |
| 17:23 | Construir | House |
| 17:24 | Construir | House |
| 17:31 | Crear | Villager (Male) |
| 17:46 | Crear | Villager (Male) |
| 17:57 | Crear | Villager (Male) |
| 18:06 | Crear | Villager (Male) |
| 18:14 | Crear | Villager (Male) |
| 18:24 | Crear | Villager (Male) |
| 18:29 | Construir | Market |
| 18:30 | Construir | House |
| 18:35 | Construir | Farm |
| 18:35 | Construir | Farm |
| 18:35 | Construir | Farm |
| 18:36 | Construir | Farm |
| 18:36 | Construir | Farm |
| 18:36 | Construir | Farm |
| 18:36 | Construir | Farm |
| 18:36 | Construir | Farm |
| 18:36 | Construir | Farm |
| 18:37 | Construir | Farm |
| 18:37 | Construir | Farm |
| 18:47 | Crear | Villager (Male) |
| 19:01 | Crear | Villager (Male) |
| 19:04 | Crear | Archer ×5 |
| 19:18 | Investigar | Fletching |
| 19:18 | Investigar | Padded Archer Armor |
| 19:22 | Investigar | Padded Archer Armor |
| 19:28 | Construir | Farm |
| 19:49 | Crear | Villager (Male) |
| 19:52 | Crear | Villager (Male) |
| 20:06 | Construir | Farm |
| 20:09 | Crear | Archer |
| 20:09 | Crear | Archer |
| 20:15 | Construir | House |
| 20:16 | Construir | House |
| 20:16 | Construir | House |
| 20:17 | Construir | House |
| 20:17 | Construir | House |
| 20:18 | Construir | House |
| 20:19 | Construir | House |
| 20:19 | Construir | House |
| 20:21 | Construir | House |
| 20:35 | Crear | Villager (Male) |
| 20:41 | Construir | House |
| 20:44 | Construir | Outpost |
| 20:46 | Construir | Outpost |
| 20:49 | Construir | Outpost |
| 20:51 | Construir | Outpost |
Build order — Reign Pan
Primeras 150 de 240 acciones detectadas
| 0:01 | Crear | Villager (Male) |
| 0:02 | Crear | Villager (Male) |
| 0:04 | Construir | House |
| 0:05 | Construir | House |
| 0:17 | Crear | Villager (Male) |
| 0:17 | Crear | Villager (Male) |
| 1:32 | Crear | Villager (Male) |
| 2:00 | Construir | Lumber Camp |
| 2:02 | Crear | Villager (Male) |
| 2:23 | Crear | Villager (Male) |
| 2:53 | Crear | Villager (Male) |
| 3:21 | Crear | Villager (Male) |
| 3:48 | Crear | Villager (Male) |
| 3:58 | Construir | House |
| 4:18 | Crear | Villager (Male) |
| 4:39 | Crear | Villager (Male) |
| 5:02 | Crear | Villager (Male) |
| 5:05 | Construir | Mill |
| 5:37 | Crear | Villager (Male) |
| 5:56 | Crear | Villager (Male) |
| 6:25 | Construir | Farm |
| 6:26 | Construir | Farm |
| 6:30 | Crear | Villager (Male) |
| 6:32 | Investigar | Loom |
| 7:16 | Investigar | Feudal Age |
| 7:16 | Investigar | Feudal Age |
| 7:45 | Construir | Farm |
| 7:48 | Construir | Farm |
| 8:29 | Crear | Villager (Male) |
| 8:41 | Construir | House |
| 9:07 | Construir | House |
| 9:15 | Construir | Barracks |
| 9:19 | Crear | Villager (Male) |
| 9:30 | Edad | Edad Feudal |
| 9:50 | Crear | Villager (Male) |
| 10:03 | Construir | Stable |
| 10:18 | Crear | Villager (Male) |
| 10:27 | Investigar | Double-Bit Axe |
| 10:47 | Crear | Villager (Male) |
| 10:49 | Crear | Scout Cavalry |
| 10:57 | Construir | Blacksmith |
| 10:59 | Construir | Palisade Wall |
| 11:04 | Construir | Farm |
| 11:07 | Construir | Farm |
| 11:13 | Crear | Scout Cavalry |
| 11:29 | Crear | Villager (Male) |
| 11:35 | Construir | Farm |
| 11:36 | Construir | Farm |
| 11:41 | Construir | Farm |
| 11:44 | Crear | Villager (Male) |
| 11:54 | Crear | Scout Cavalry |
| 11:59 | Construir | Farm |
| 12:13 | Crear | Villager (Male) |
| 12:14 | Construir | Farm |
| 12:31 | Construir | Farm |
| 12:42 | Crear | Villager (Male) |
| 12:44 | Construir | House |
| 13:02 | Crear | Villager (Male) |
| 13:03 | Construir | Farm |
| 13:14 | Crear | Scout Cavalry |
| 13:38 | Crear | Villager (Male) |
| 13:41 | Construir | Farm |
| 13:45 | Construir | House |
| 13:46 | Construir | Farm |
| 14:18 | Crear | Villager (Male) |
| 14:20 | Crear | Scout Cavalry |
| 14:21 | Crear | Villager (Male) |
| 14:22 | Crear | Villager (Male) |
| 14:30 | Crear | Villager (Male) |
| 15:12 | Construir | House |
| 15:14 | Construir | House |
| 15:23 | Crear | Villager (Male) |
| 16:07 | Construir | Lumber Camp |
| 16:14 | Crear | Villager (Male) |
| 16:18 | Construir | Lumber Camp |
| 16:30 | Construir | Farm |
| 16:38 | Construir | House |
| 16:43 | Crear | Villager (Male) |
| 16:51 | Construir | House |
| 16:56 | Crear | Villager (Male) |
| 17:17 | Construir | Lumber Camp |
| 17:25 | Construir | Watch Tower |
| 17:40 | Crear | Villager (Male) |
| 17:54 | Construir | Mining Camp |
| 18:06 | Construir | Palisade Wall |
| 18:08 | Construir | House |
| 18:15 | Construir | House |
| 18:51 | Crear | Villager (Male) |
| 18:56 | Construir | Lumber Camp |
| 19:16 | Crear | Villager (Male) |
| 19:36 | Crear | Villager (Male) |
| 20:53 | Construir | Town Center |
| 21:30 | Construir | Lumber Camp |
| 21:41 | Construir | Lumber Camp |
| 22:07 | Crear | Villager (Male) |
| 22:08 | Crear | Villager (Male) |
| 22:23 | Construir | Mill |
| 22:26 | Crear | Villager (Male) |
| 23:13 | Construir | Lumber Camp |
| 23:21 | Crear | Villager (Male) |
| 23:22 | Crear | Villager (Male) |
| 23:24 | Construir | Farm |
| 23:24 | Construir | Farm |
| 23:25 | Construir | Farm |
| 23:25 | Construir | Farm |
| 23:25 | Construir | Farm |
| 23:58 | Construir | Farm |
| 23:59 | Construir | Farm |
| 23:59 | Construir | Farm |
| 24:06 | Construir | Mining Camp |
| 24:08 | Crear | Villager (Male) |
| 24:23 | Crear | Villager (Male) |
| 24:41 | Crear | Villager (Male) |
| 24:56 | Construir | Mill |
| 24:57 | Construir | Farm |
| 24:58 | Construir | Farm |
| 24:58 | Construir | Farm |
| 24:58 | Construir | Farm |
| 24:58 | Construir | Farm |
| 24:59 | Construir | Farm |
| 24:59 | Construir | Farm |
| 25:00 | Construir | Farm |
| 25:01 | Construir | Farm |
| 25:01 | Construir | Farm |
| 25:06 | Crear | Villager (Male) |
| 25:29 | Crear | Villager (Male) |
| 25:58 | Crear | Villager (Male) |
| 26:03 | Construir | Market |
| 26:08 | Construir | Archery Range |
| 26:20 | Investigar | Fletching |
| 26:47 | Crear | Villager (Male) |
| 26:48 | Crear | Villager (Male) |
| 27:09 | Construir | House |
| 27:28 | Crear | Villager (Male) |
| 27:42 | Investigar | Castle Age |
| 28:12 | Construir | Archery Range |
| 28:14 | Crear | Archer |
| 28:16 | Crear | Archer |
| 28:20 | Investigar | Padded Archer Armor |
| 28:25 | Crear | Villager (Male) |
| 28:26 | Construir | House |
| 28:27 | Construir | House |
| 28:55 | Construir | Mining Camp |
| 29:04 | Construir | Archery Range |
| 29:07 | Crear | Villager (Male) |
| 29:11 | Investigar | Horse Collar |
| 29:18 | Construir | Mining Camp |
| 29:30 | Construir | Stone Wall |
| 29:34 | Construir | Stone Wall |
| 29:41 | Crear | Archer |
Build order — Hexi
112 acciones detectadas en el replay
| 0:01 | Crear | Villager (Male) |
| 0:01 | Crear | Villager (Male) |
| 0:03 | Construir | House |
| 0:04 | Construir | House |
| 0:04 | Crear | Villager (Male) |
| 0:10 | Crear | Villager (Male) |
| 1:14 | Crear | Villager (Male) |
| 1:57 | Crear | Villager (Male) |
| 2:24 | Crear | Villager (Male) |
| 2:40 | Construir | Lumber Camp |
| 2:45 | Crear | Villager (Male) |
| 2:52 | Crear | Villager (Male) |
| 3:09 | Construir | House |
| 3:13 | Crear | Villager (Male) |
| 3:37 | Crear | Villager (Male) |
| 3:41 | Construir | House |
| 3:45 | Crear | Villager (Male) |
| 4:22 | Crear | Villager (Male) |
| 4:46 | Crear | Villager (Male) |
| 5:55 | Crear | Villager (Male) |
| 5:57 | Crear | Villager (Male) |
| 6:05 | Crear | Villager (Male) |
| 6:08 | Crear | Villager (Male) |
| 6:18 | Crear | Villager (Male) |
| 6:37 | Construir | House |
| 6:52 | Investigar | Loom |
| 6:53 | Crear | Villager (Male) |
| 7:07 | Crear | Villager (Male) |
| 7:14 | Construir | Mill |
| 8:09 | Crear | Villager (Male) |
| 9:17 | Construir | Town Center |
| 10:04 | Crear | Villager (Male) |
| 10:04 | Crear | Villager (Male) |
| 10:25 | Crear | Villager (Male) |
| 10:28 | Crear | Villager (Male) |
| 10:37 | Construir | Palisade Wall |
| 10:39 | Construir | Palisade Wall |
| 10:41 | Construir | Palisade Wall |
| 10:42 | Construir | Palisade Wall |
| 10:45 | Construir | Palisade Wall |
| 10:50 | Construir | Mining Camp |
| 10:51 | Crear | Villager (Male) |
| 11:23 | Crear | Villager (Male) |
| 11:49 | Construir | House |
| 12:10 | Construir | Palisade Wall |
| 12:11 | Construir | Palisade Wall |
| 12:22 | Crear | Villager (Male) |
| 12:29 | Crear | Villager (Male) |
| 13:26 | Crear | Villager (Male) |
| 14:29 | Construir | Town Center |
| 15:19 | Construir | Town Center |
| 17:05 | Construir | Town Center |
| 17:29 | Crear | Villager (Male) |
| 17:54 | Crear | Villager (Male) |
| 18:36 | Crear | Villager (Male) |
| 19:14 | Crear | Villager (Male) |
| 19:20 | Construir | Lumber Camp |
| 19:51 | Crear | Villager (Male) |
| 20:39 | Crear | Villager (Male) |
| 20:39 | Crear | Villager (Male) |
| 21:12 | Crear | Villager (Male) |
| 21:54 | Construir | Mill |
| 22:36 | Construir | Town Center |
| 24:07 | Crear | Villager (Male) |
| 25:38 | Construir | House |
| 25:44 | Construir | House |
| 27:13 | Construir | Town Center |
| 31:47 | Crear | Villager (Male) |
| 32:52 | Crear | Villager (Male) |
| 32:53 | Crear | Villager (Male) |
| 33:23 | Construir | Farm |
| 34:30 | Crear | Villager (Male) |
| 34:41 | Construir | Lumber Camp |
| 34:45 | Construir | Mining Camp |
| 35:22 | Construir | Palisade Wall |
| 36:42 | Construir | Outpost |
| 36:51 | Construir | Town Center |
| 38:06 | Construir | Palisade Wall |
| 38:09 | Construir | Palisade Wall |
| 38:10 | Construir | Palisade Wall |
| 38:12 | Construir | Palisade Wall |
| 38:14 | Construir | Palisade Wall |
| 38:17 | Construir | Palisade Wall |
| 38:19 | Construir | Palisade Wall |
| 38:24 | Crear | Villager (Male) |
| 38:25 | Crear | Villager (Male) |
| 38:30 | Construir | Farm |
| 38:44 | Construir | Palisade Wall |
| 38:47 | Construir | Palisade Wall |
| 38:52 | Construir | Farm |
| 38:56 | Construir | Farm |
| 39:11 | Construir | House |
| 39:48 | Construir | Lumber Camp |
| 40:14 | Crear | Villager (Male) |
| 40:42 | Construir | Farm |
| 40:59 | Crear | Villager (Male) |
| 41:13 | Crear | Villager (Male) |
| 41:33 | Crear | Villager (Male) |
| 41:36 | Construir | Farm |
| 41:38 | Crear | Villager (Male) |
| 42:00 | Crear | Villager (Male) |
| 42:04 | Construir | Farm |
| 42:16 | Construir | Outpost |
| 42:27 | Construir | Farm |
| 42:29 | Crear | Villager (Male) |
| 42:31 | Construir | Farm |
| 42:36 | Construir | Farm |
| 42:50 | Crear | Villager (Male) |
| 42:56 | Construir | Farm |
| 42:56 | Crear | Villager (Male) |
| 43:01 | Construir | Farm |
| 43:02 | Crear | Villager (Male) |
Cronología de la partida
| 6:51 | Loro · first_building Barracks |
| 7:05 | Loro · wall_segment Palisade Wall x1 |
| 7:06 | Loro · wall_segment Palisade Wall x1 |
| 7:19 | AlohaInMyHeartForAOE2 · first_building Barracks |
| 7:54 | AlohaInMyHeartForAOE2 · wall_segment Palisade Wall x1 |
| 8:32 | AlohaInMyHeartForAOE2 · wall_segment Palisade Wall x1 |
| 8:34 | AlohaInMyHeartForAOE2 · wall_segment Palisade Wall x1 |
| 8:39 | AlohaInMyHeartForAOE2 · wall_segment Palisade Wall x1 |
| 8:48 | Gilgamesh · wall_segment Palisade Wall x8 |
| 8:50 | AlohaInMyHeartForAOE2 · wall_segment Palisade Wall x1 |
| 8:57 | AlohaInMyHeartForAOE2 · wall_segment Palisade Wall x1 |
| 8:57 | Gilgamesh · first_building Barracks |
| 9:09 | AlohaInMyHeartForAOE2 · wall_segment Palisade Wall x1 |
| 9:15 | Reign Pan · first_building Barracks |
| 9:22 | AlohaInMyHeartForAOE2 · wall_segment Palisade Wall x1 |
| 9:30 | Reign Pan · age_up feudal |
| 9:55 | AlohaInMyHeartForAOE2 · age_up feudal |
| 10:03 | Reign Pan · first_building Stable |
| 10:12 | Gilgamesh · wall_segment Palisade Wall x6 |
| 10:13 | BlossomForce · age_up feudal |
| 10:13 | Loro · age_up feudal |
| 10:14 | Loro · first_building Archery Range |
| 10:21 | Gilgamesh · wall_segment Palisade Wall x10 |
| 10:37 | Hexi · wall_segment Palisade Wall x1 |
| 10:38 | Gilgamesh · age_up feudal |
| 10:39 | Hexi · wall_segment Palisade Wall x1 |
| 10:41 | Hexi · wall_segment Palisade Wall x1 |
| 10:42 | Hexi · wall_segment Palisade Wall x1 |
| 10:45 | Hexi · wall_segment Palisade Wall x1 |
| 10:56 | Gilgamesh · first_building Stable |
| 10:59 | Reign Pan · wall_segment Palisade Wall x1 |
| 11:11 | BlossomForce · wall_segment Palisade Wall x1 |
| 11:20 | BlossomForce · wall_segment Palisade Wall x1 |
| 11:49 | BlossomForce · wall_segment Palisade Wall x1 |
| 11:54 | BlossomForce · wall_segment Palisade Wall x2 |
| 11:55 | BlossomForce · wall_segment Palisade Wall x2 |
| 11:57 | BlossomForce · wall_segment Palisade Wall x3 |
| 11:57 | BlossomForce · wall_segment Palisade Wall x2 |
| 12:10 | Hexi · wall_segment Palisade Wall x1 |
| 12:11 | Hexi · wall_segment Palisade Wall x1 |
| 12:15 | BlossomForce · wall_segment Palisade Wall x1 |
| 12:21 | BlossomForce · wall_segment Palisade Wall x1 |
| 13:33 | Gilgamesh · wall_segment Palisade Wall x5 |
| 15:07 | BlossomForce · first_market_sell 100 wood |
| 15:09 | BlossomForce · first_market_buy 100 stone |
| 16:08 | BlossomForce · wall_segment Palisade Wall x1 |
| 16:44 | Gilgamesh · wall_segment Palisade Wall x6 |
| 16:49 | Gilgamesh · wall_segment Palisade Wall x16 |
| 18:06 | Reign Pan · wall_segment Palisade Wall x1 |
| 19:32 | BlossomForce · tribute_sent a jugador 1 |
| 19:32 | BlossomForce · tribute_sent a jugador 2 |
| 19:32 | BlossomForce · tribute_sent a jugador 4 |
| 19:32 | BlossomForce · tribute_sent a jugador 5 |
| 19:32 | BlossomForce · tribute_sent a jugador 6 |
| 19:37 | Gilgamesh · first_building Archery Range |
| 20:00 | AlohaInMyHeartForAOE2 · first_market_buy 100 food |
| 20:03 | AlohaInMyHeartForAOE2 · first_market_sell 100 stone |
| 21:43 | BlossomForce · first_building Barracks |
| 21:58 | BlossomForce · age_up castle |
| 22:08 | AlohaInMyHeartForAOE2 · age_up castle |
| 22:10 | BlossomForce · first_building Siege Workshop |
| 22:17 | Gilgamesh · age_up castle |
| 22:57 | AlohaInMyHeartForAOE2 · first_building Siege Workshop |
| 23:04 | Gilgamesh · first_market_sell 100 food |
| 24:47 | Gilgamesh · tribute_sent a jugador 1 |
| 24:47 | Gilgamesh · tribute_sent a jugador 3 |
| 24:47 | Gilgamesh · tribute_sent a jugador 4 |
| 24:47 | Gilgamesh · tribute_sent a jugador 5 |
| 24:47 | Gilgamesh · tribute_sent a jugador 6 |
| 25:07 | Loro · tribute_sent a jugador 1 |
| 25:07 | Loro · tribute_sent a jugador 2 |
| 25:07 | Loro · tribute_sent a jugador 3 |
| 25:07 | Loro · tribute_sent a jugador 5 |
| 25:07 | Loro · tribute_sent a jugador 6 |
| 25:57 | Gilgamesh · first_building Monastery |
| 26:08 | Reign Pan · first_building Archery Range |
| 26:08 | Loro · age_up castle |
| 26:32 | Loro · first_building Siege Workshop |
| 27:33 | Reign Pan · first_market_sell 500 stone |
| 27:39 | Reign Pan · first_market_buy 100 food |
| 28:05 | Loro · wall_segment Palisade Wall x9 |
| 28:43 | AlohaInMyHeartForAOE2 · wall_segment Palisade Wall x1 |
| 29:30 | Reign Pan · wall_segment Stone Wall x11 |
| 29:34 | Reign Pan · wall_segment Stone Wall x6 |
| 30:09 | Loro · wall_segment Palisade Wall x4 |
| 30:13 | Loro · wall_segment Palisade Wall x1 |
| 30:24 | Reign Pan · age_up castle |
| 30:25 | Reign Pan · first_building Monastery |
| 31:21 | Loro · first_building Castle |
| 31:30 | BlossomForce · wall_segment Stone Wall x32 |
| 32:43 | Reign Pan · first_building Castle |
| 35:22 | Hexi · wall_segment Palisade Wall x1 |
| 35:51 | Gilgamesh · first_building Siege Workshop |
| 36:13 | AlohaInMyHeartForAOE2 · first_building Castle |
| 37:46 | Reign Pan · first_building Siege Workshop |
| 38:06 | Hexi · wall_segment Palisade Wall x1 |
| 38:09 | Hexi · wall_segment Palisade Wall x5 |
| 38:10 | Hexi · wall_segment Palisade Wall x7 |
| 38:12 | Hexi · wall_segment Palisade Wall x6 |
| 38:13 | Loro · age_up imperial |
| 38:14 | Hexi · wall_segment Palisade Wall x7 |
| 38:17 | Hexi · wall_segment Palisade Wall x5 |
| 38:19 | Hexi · wall_segment Palisade Wall x6 |
| 38:44 | Hexi · wall_segment Palisade Wall x1 |
| 38:47 | Hexi · wall_segment Palisade Wall x1 |
| 39:06 | BlossomForce · wall_segment Stone Wall x7 |
| 40:07 | Loro · first_market_sell 500 food |
| 41:17 | Reign Pan · age_up imperial |
| 41:18 | Gilgamesh · first_building Castle |
| 42:37 | BlossomForce · first_building Castle |
| 43:01 | BlossomForce · resign |
| 43:02 | Loro · first_market_buy 100 stone |
[ ANÁLISIS IA · 1 CRÉDITO ]
¿Qué pasó realmente en esta partida?
Wolo.gg analiza cada decisión: build order, eco, micro, errores típicos por bracket. Análisis personalizado por WhatsApp o Discord en 30 segundos.
Guía civ
Celtas
Perfil
Jugador #823210